 Dungeon Crawl Stone Soup version 0.28-a0-265-g048bc9fd10 (webtiles) character file.

Game seed: 1643028623246801147

46 SkeletonJelly the Slasher (level 3, 0/31 HPs)
             Began as a Draconian Chaos Knight on Aug 28, 2021.
             Was a Plaything of Xom.
             Slain by an adder (2 damage)
             ... on level 2 of the Dungeon.
             The game lasted 00:03:23 (1411 turns).

SkeletonJelly the Slasher (Draconian Chaos Knight)  Turns: 1411, Time: 00:03:23

Health: 0/31       AC:  5    Str: 15    XL:     3   Next: 44%
Magic:  3/3        EV: 12    Int: 12    God:    Xom [..*...]
Gold:   46         SH:  0    Dex: 10    Spells: 2/2 levels left

rFire   . . .      SeeInvis .   a - +0 falchion (chaos)
rCold   . . .      Faith    .   (no shield)
rNeg    . . .      Spirit   .   (armour unavailable)
rPois   .          Reflect  .   (helmet restricted)
rElec   .          Harm     .   (no cloak)
rCorr   .          Rampage  .   (no gloves)
Will    .....                   (no boots)
Stlth   +.........              (no amulet)
HPRegen 0.10/turn               (no ring)
MPRegen 0.08/turn               (no ring)

@: no status effects
A: AC +5, unfitting armour, cold-blooded
a: Renounce Religion


You were on level 2 of the Dungeon.
You worshipped Xom.
You were a toy of Xom.
You visited 1 branch of the dungeon, and saw 2 of its levels.

You collected 46 gold pieces.

Inventory:

Hand Weapons
 a - a +0 falchion of chaos (weapon)
 b - a +0 hand crossbow
Jewellery
 e - a ring of protection from fire
Scrolls
 c - a scroll of identify {unknown}
 d - a scroll of amnesia {unknown}


   Skills:
 - Level 3.2 Fighting
 + Level 4.5 Long Blades
 - Level 2.1 Dodging


You had 2 spell levels left.
You didn't know any spells.
Your spell library was empty.

Dungeon Overview and Level Annotations

Branches:
Dungeon (2/15)

Altars:
Okawaru


Innate Abilities, Weirdness & Mutations

Your plain brown scales are hard. (AC +5)
You cannot fit into any form of body armour.
You are cold-blooded and may be slowed by cold attacks.


Message History

You feel sick.
You feel sick.
You are no longer poisoned. "Let's try an experiment, hmmm?"
The water briefly swirls.
You take 8 damage, and have 14/31 hp.
MASSIVE DAMAGE!!
Key pressed, stopping explore.
Key pressed, stopping explore.
Key pressed, stopping explore.
Found an escape hatch in the floor.
Health restored: 31
Found a falchion.
There is an escape hatch in the floor here.
You see here a +0 falchion.
There is a stone staircase leading up here.
You open the door.
A rat comes into view.
A rat is nearby!
There is an open door here.
You hit the rat but do no damage.
The rat suddenly seems more agile.
The rat misses you.
You slash the rat! Lightning courses through the rat!
You kill the rat!
No target in view!
No target in view!
No target in view!
No target in view!
No target in view!
An adder comes into view.
The adder hisses angrily.
An adder is nearby!
An adder is nearby!
You hit the adder.
The adder flickers and vanishes!
Deactivating autopickup; reactivate with Ctrl-A.
Xom thinks this is hilarious!
Something bites you but does no damage. Something bites you.
You are poisoned.
Something poisons you!
You take 1 damage, and have 30/31 hp.
No target in view!
No target in view!
No target in view!
No target in view!
No target in view!
No target in view!
No target in view!
You barely miss something.
You feel sick. Something bites you but does no damage.
You barely miss something.
You feel sick. Something bites you but does no damage.
You take 2 damage, and have 28/31 hp.
You barely miss something.
You feel sick. Something bites you but does no damage.
Something barely misses you.
You take 1 damage, and have 27/31 hp.
You hit something. You freeze something.
You feel sick.
You are no longer poisoned.
Something bites you but does no damage.
You take 1 damage, and have 26/31 hp.
You barely miss something. Something bites you.
Something bites you but does no damage.
You take 2 damage, and have 24/31 hp.
You barely miss something.
Your tail-slap misses something.
Something bites you but does no damage.
You miss something. Something bites you.
You take 3 damage, and have 21/31 hp.
You closely miss something. Something barely misses you.
Something bites you but does no damage.
You closely miss something. Something completely misses you.
You barely miss something. Something bites you. Something barely misses you.
You take 4 damage, and have 17/31 hp.
You closely miss something.
Your tail-slap misses something.
Something bites you.
You completely miss something. Something bites you but does no damage.
You miss something. Something bites you.
You are poisoned.
Something poisons you! Something barely misses you.
You take 1 damage, and have 16/31 hp.
You completely miss something.
You feel sick. Something bites you but does no damage.
You take 2 damage, and have 14/31 hp.
You miss something.
Your tail-slap misses something.
You feel sick. Something bites you.
You take 3 damage, and have 11/31 hp.
You miss something.
You feel sick.
You are no longer poisoned.
Something bites you but does no damage. Something bites you.
* * * LOW HITPOINT WARNING * * *
You take 5 damage, and have 6/31 hp.
You miss something.
Your tail-slap misses something.
Something completely misses you.
You barely miss something. Something bites you.
* * * LOW HITPOINT WARNING * * *
Something bites you.
* * * LOW HITPOINT WARNING * * *
You take 5 damage, and have 1/31 hp.
You miss something. Something bites you but does no damage.
You aren't carrying any potions.
Something bites you.
You die... "Boring in life, boring in death..."

#####..... . ##..... #.
####..._.. ###.#
#......... .....
#.###..... #...
#.##...###
#.#...#########.#....#..
....................P≈≈≈
.#....@#######.#....≈≈♣
##..#.# #........≈ ....
#.# ####.##### #### #.#
#.# #.# #.# #.# #.# #.#
#.# #.# #.##### #.#
#......


There were no monsters in sight!

Vanquished Creatures
  An adder (D:2)
  A gnoll (D:1)
  2 ball pythons
  An endoplasm (D:2)
  2 giant cockroaches (D:1)
  3 goblins (D:1)
  3 hobgoblins (D:1)
  5 jackals (D:1)
  A kobold (D:1)
  A bat (D:1)
  4 rats
24 creatures vanquished.

Notes
Turn   | Place    | Note
-------+----------+-------------------------------------------
     0 | D:1      | SkeletonJelly the Draconian Chaos Knight began the quest
                  | for the Orb.
     0 | D:1      | Reached XP level 1. HP: 19/19 MP: 1/1
   141 | D:1      | Reached XP level 2. HP: 26/26 MP: 2/2
   172 | D:1      | Found a faded altar of an unknown god.
   472 | D:1      | XOM: silly message
   646 | D:1      | XOM: butterfly on damage
   649 | D:1      | Reached skill level 4 in Long Blades
   673 | D:1      | Reached XP level 3. HP: 19/31 MP: 3/3
   736 | D:1      | XOM: divination: detect items
  1092 | D:2      | Found an iron altar of Okawaru.
  1136 | D:2      | XOM: silly message
  1409 | D:2      | HP: 1/31 [something (3)]
  1411 | D:2      | Slain by an adder

Illustrated notes

Levels and vault maps discovered:
D:1:      dpeg_arrival_short_road, layout_loops_ring,
          chequers_ecumenical_altar_grove
D:2:      layout_loops_corners, basic_altar, serial_bayou_pond_d

Skill      XL: |  1  2 |
---------------+-------+-----
Long Blades    | 4 |  4.5
Fighting       | |  3.2
Dodging        | |  2.1

Action                   || total
-------------------------++-------
Melee: Falchion          ||    86
       Tailslap          ||     7
 Stab: Sleeping          ||     2
Armor: Skin              ||    33
Dodge: Dodged            ||    38

Table legend: (Time is in decaauts)
 A = Elapsed time spent in this place.
 B = Non-inter-level travel time spent in this place.
 C = Inter-level travel time spent in this place.
 D = Time resting spent in this place.
 E = Time spent auto-exploring this place.
 F = Levels seen in this place.
 G = Mean time per level.
                   A        B        C        D        E       F      G
               +--------+--------+--------+--------+--------+-----+--------+
         Total |   1419 |   1408 |     11 |      0 |   1235 |   2 |  709.5 |
       Dungeon |   1419 |   1408 |     11 |      0 |   1235 |   2 |  709.5 |
               +--------+--------+--------+--------+--------+-----+--------+

Top non-repeatable levels by time:
     D:1: 1045 daAuts
     D:2: 373 daAuts
